Map: Emerald City LE

Players

Massa

  • Race: Terran Terran
  • League: Platinum
  • Spawn Location: 11:00

qqq

  • Race: Zerg Zerg
  • Spawn Location: 11:00

Zee - Winner!

  • Race: Protoss Protoss
  • Spawn Location: 5:00

Javasek - Winner!

  • Race: Zerg Zerg
  • League: Diamond
  • Spawn Location: 5:00

VOD

Have the link to the VOD?

Description

Time

  • Played on: Oct. 31, 2020, 6:09 a.m.
  • Length: 14:33
Show
View Real Time Build Order
Export as new Build Order

Massa Terran 

Build Orders: Gas First Reaper Expand 

Get SALT Encoding   

  12  0:00  SCV  
  13  0:12  SCV  
  14  0:23  Supply Depot  
  14  0:24  SCV  
  15  0:29  Refinery  
  15  0:45  SCV  
  15  0:47  Barracks  
  16  0:57  SCV  
  17  1:09  SCV  
  18  1:29  SCV  
  19  1:41  Reaper  
  19  1:44  Orbital Command  
  20  1:53  Command Center  
  20  2:11  SCV  
  20  2:13  Supply Depot  
  21  2:18  Factory  
  21  2:19  Marine  
  22  2:23  SCV  
  23  2:36  SCV  
  24  2:38  Barracks  
  24  2:50  Barracks Reactor  
  23  2:54  SCV  
  24  3:05  Orbital Command  
  24  3:09  Starport  
  24  3:13  Command Center  
  24  3:19  Widow Mine  
  26  3:25  Marine  
  26  3:26  Marine  
  28  3:28  SCV  
  28  3:31  SCV  
  30  3:38  Engineering Bay  
  30  3:41  SCV  
  31  3:43  Widow Mine  
  31  3:44  Barracks Tech Lab  
  31  3:48  SCV  
  34  3:49  Marine  
  34  3:51  Marine  
  34  3:53  SCV  
  37  4:06  Factory Reactor  
  37  4:07  Marine  
  37  4:08  Factory Tech Lab  
  38  4:21  Medivac  
  38  4:23  Marine  
  41  4:25  SCV x2, Marine  
  41  4:30  Orbital Command  
  44  4:35  Missile Turret  
  44  4:37  SCV x2  
  46  4:39  Missile Turret  
  46  4:43  Refinery  
  46  4:47  Refinery, Stimpack  
  46  4:48  Marine x2  
  46  4:50  Marine  
  49  5:06  Marine x2  
  51  5:08  Marine  
  51  5:09  Refinery  
  52  5:17  SCV  
  52  5:18  SCV x2  
  55  5:27  Siege Tank  
  58  5:30  SCV x3  
  61  6:05  Supply Depot  
  61  6:06  Terran Infantry Weapons Level 1, Supply Depot  
  61  6:07  Starport Reactor  
  61  6:27  SCV x2, Marauder, Siege Tank, Marine x2, Combat Shield  
  61  6:28  Supply Depot  
  61  6:31  Supply Depot  
  64  6:45  Barracks, Marine x2  
  64  6:47  Barracks  
  66  6:48  Barracks  
  66  6:49  Marauder  
  66  6:50  Barracks, Medivac x2  
  72  6:57  SCV x2  
  74  7:02  Marine x2  
  76  7:09  SCV x2  
  76  7:11  Orbital Command  
  78  7:19  Marauder  
  78  7:20  Marine x2, Medivac x2  
  78  7:21  SCV  
  78  7:22  Siege Tank  
  90  7:32  SCV  
  90  7:33  SCV  
  90  7:34  Barracks Tech Lab  
  90  7:35  Barracks Reactor  
  92  7:37  Barracks Tech Lab  
  92  7:38  Marine  
  92  7:42  Supply Depot  
  93  7:45  Concussive Shells  
  93  7:49  Supply Depot x2  
  93  7:53  Supply Depot  
  93  7:54  Barracks Reactor  
  93  8:04  SCV x2, Marauder x2, Marine x2  
  101  8:08  Missile Turret  
  101  8:10  Medivac x2  
  101  8:11  Marauder, Missile Turret  
  107  8:14  Missile Turret  
  107  8:16  SCV x2  
  109  8:20  Missile Turret  
  109  8:23  Marine  
  109  8:24  Supply Depot  
  109  8:25  Marauder, Marine, Supply Depot  
  113  8:27  SCV  
  114  8:35  Missile Turret  
  114  8:39  Missile Turret  
  114  8:40  SCV x3  
  117  8:44  Marauder x2, Marine  
  117  8:45  Marine  
  117  8:46  Marine  
  117  8:47  Marine  
  125  8:48  Marine  
  125  8:49  Marine, Supply Depot  
  125  8:50  Marine, Supply Depot  
  125  8:52  SCV x2  
  130  8:58  Terran Infantry Armor Level 1  
  130  9:02  Marine  
  131  9:03  Marine  
  131  9:05  Marauder  
  131  9:06  Armory, Engineering Bay  
  134  9:17  SCV x3  
  137  9:24  Command Center  
  137  9:29  SCV x3, Siege Tank  
  137  9:30  Marauder x3, Marine x2  
  151  9:31  Missile Turret  
  151  9:49  Armory  
  151  9:51  Marauder  
  151  9:52  Missile Turret  
  153  9:54  Supply Depot  
  153  9:56  Supply Depot x2  
  153  9:58  Supply Depot  
  151  10:14  Missile Turret  
  123  10:31  Marauder  
  123  10:32  Marauder x2, Marine x6  
  91  10:36  Missile Turret  
  87  10:44  Siege Tank  
  87  10:47  Orbital Command  
  87  10:49  Marine  
  85  10:50  Marine x5  
  85  10:53  Marauder x3  
  85  10:55  SCV x3  
  100  11:07  SCV x3, Marine  
  100  11:08  Marine x2  
  101  11:14  Marauder x3  
  101  11:17  Marine x2, Siege Tank  
  101  11:18  Marine  
  101  11:25  Marine  
  100  11:26  Marine x2  
  81  11:35  Marauder, Marine x2, Medivac  
  81  11:36  Marauder x2, Medivac  
  89  11:41  Marine  
  89  11:43  Marine x3  
  85  11:49  Siege Tank  
  85  11:53  Marine  
  84  11:57  Marauder x3  
  88  12:05  Medivac  
  90  12:14  Command Center  
  90  12:18  Marauder, Marine x6  
  90  12:19  Marauder x2  
  90  12:21  Siege Tank  
  105  12:35  Marine x2  
  105  12:36  Marine x3  
  100  12:39  Marauder  
  100  12:40  Marauder x2  
  106  12:52  Marine  
  106  12:53  Marine x3  
  106  12:54  Marine x2  
  112  13:01  Marauder x3  
  116  13:17  Marine x3  
  116  13:18  Marine x3  
  114  13:22  Marauder  
  114  13:23  Marauder x2  
  90  13:44  Marauder x3  
  90  13:45  Marine x2  
  89  14:05  Marauder x2  
Show
View Real Time Build Order
Export as new Build Order

qqq Zerg 

Build Orders: Hatch First 

Get SALT Encoding   

  12  0:03  Drone  
  13  0:08  Drone  
  14  0:36  Hatchery  
  13  0:43  Drone  
  14  0:58  Spawning Pool  
  14  1:03  Overlord  
  13  1:08  Drone  
  13  1:10  Extractor  
  13  1:15  Drone  
  14  1:23  Drone  
  15  1:28  Drone  
  16  1:44  Drone  
  16  1:46  Queen  
  19  1:53  Drone  
  20  2:00  Drone  
  21  2:03  Drone x2  
  23  2:11  Drone  
  24  2:17  Spine Crawler  
  24  2:21  Drone  
  24  2:23  Drone  
  24  2:28  Metabolic Boost  
  25  2:38  Queen  
  25  2:39  Overlord  
  25  2:43  Drone  
  28  2:58  Drone, Baneling Nest  
  28  2:59  Zergling x8  
  28  3:02  Zergling x2  
  28  3:04  Drone  
  34  3:07  Drone  
  34  3:10  Drone  
  36  3:19  Lair  
  36  3:26  Overlord  
  36  3:27  Overlord  
  36  3:39  Extractor  
  35  3:43  Baneling x3  
  35  3:44  Drone x2  
  35  3:45  Drone x3  
  35  3:48  Extractor  
  39  3:53  Drone x2  
  39  3:54  Drone  
  42  3:56  Drone x2  
  42  3:58  Drone  
  45  4:24  Drone x3  
  48  4:30  Extractor  
  47  4:36  Drone  
  48  4:38  Overlord  
  48  4:39  Overlord x4  
  47  4:50  Hatchery  
  46  4:53  Drone  
  47  5:01  Drone x3  
  47  5:02  Drone, Spire  
  47  5:03  Drone  
  47  5:05  Overlord  
  47  5:06  Overlord  
  50  5:19  Drone  
  50  5:22  Zergling x8  
  50  5:23  Spore Crawler  
  50  5:27  Spore Crawler  
  45  5:28  Drone  
  45  5:30  Drone  
  45  5:31  Drone  
  47  5:48  Drone x3  
  50  6:05  Drone  
  50  6:09  Drone x2  
  53  6:13  Mutalisk x2  
  53  6:16  Drone x2  
  53  6:17  Mutalisk  
  61  6:21  Corruptor  
  63  6:28  Hatchery, Corruptor  
  64  6:36  Drone x4  
  64  6:37  Drone  
  69  6:41  Spore Crawler  
  69  6:46  Zerg Flyer Weapons Level 1  
  68  6:50  Overlord  
  68  6:51  Corruptor  
  70  6:56  Drone x2  
  72  7:06  Corruptor  
  72  7:07  Corruptor  
  76  7:09  Mutalisk  
  76  7:25  Mutalisk x2  
  76  7:26  Corruptor x2  
  76  7:28  Drone x3  
  85  7:45  Mutalisk x2  
  85  7:46  Mutalisk  
  85  7:47  Drone x2  
  93  7:54  Mutalisk  
  93  7:55  Infestation Pit  
  93  7:56  Drone x2  
  96  8:01  Drone  
  96  8:15  Drone x3  
  96  8:18  Corruptor x2  
  103  8:26  Spore Crawler  
  102  8:29  Extractor  
  102  8:30  Extractor, Corruptor x2  
  102  8:32  Drone x2  
  102  8:33  Overlord  
  102  8:34  Overlord x2  
  106  8:40  Zerg Flyer Armor Level 1  
  106  8:46  Drone x2  
  106  8:47  Drone x2  
  110  8:48  Hatchery  
  110  8:55  Drone, Corruptor  
  110  8:56  Corruptor  
  114  9:23  Drone x3, Spine Crawler  
  114  9:24  Hatchery, Drone x2  
  116  9:25  Mutalisk, Corruptor x2  
  116  9:26  Mutalisk x2  
  116  9:27  Zergling x6  
  130  9:34  Drone  
  131  9:44  Drone  
  132  9:46  Queen  
  132  9:48  Spine Crawler  
  132  9:49  Drone x2  
  135  9:53  Hive  
  135  10:12  Corruptor  
  135  10:14  Overlord x7  
  135  10:15  Overlord  
  97  10:46  Mutalisk x6  
  97  10:47  Drone  
  97  10:48  Drone x7  
  117  10:52  Zerg Flyer Weapons Level 2  
  111  11:15  Corruptor x2  
  111  11:16  Corruptor x2  
  111  11:17  Drone x3, Mutalisk x3  
  122  11:26  Mutalisk x2  
  122  11:27  Drone x4  
  122  11:28  Drone x2  
  120  11:40  Corruptor x2  
  120  11:41  Corruptor  
  120  11:42  Drone x2  
  120  11:43  Zergling x6  
  131  11:54  Mutalisk x2  
  131  11:56  Zergling x8  
  131  11:57  Zergling x4  
  131  12:00  Extractor  
  131  12:01  Extractor  
  138  12:08  Spine Crawler  
  138  12:09  Spine Crawler  
  138  12:10  Extractor, Spine Crawler  
  138  12:11  Extractor  
  138  12:12  Spine Crawler  
  138  12:13  Spine Crawler x3  
  138  12:15  Spine Crawler x2  
  127  12:16  Spine Crawler x2  
  127  12:21  Spine Crawler x3, Mutalisk  
  127  12:22  Mutalisk x4  
  111  12:24  Spine Crawler  
  112  12:39  Spine Crawler  
  112  12:40  Spine Crawler, Mutalisk x3  
  112  12:41  Spine Crawler  
  112  12:42  Spore Crawler  
  86  13:04  Corruptor x3  
  86  13:05  Mutalisk  
  82  13:21  Ultralisk Cavern, Zergling x8  
  82  13:23  Drone x3  
  88  13:38  Hatchery  
  87  13:43  Drone  
  87  13:44  Mutalisk x2  
  87  13:45  Mutalisk x2  
  96  13:55  Mutalisk x2  
  94  13:56  Drone x2  
Show
View Real Time Build Order
Export as new Build Order

Zee Protoss - Winner!

Build Orders: 1 Gate Expand, Oracle Opening 

Get SALT Encoding   

  12  0:00  Probe  
  13  0:12  Probe  
  14  0:20  Pylon  
  14  0:24  Probe  
  15  0:38  Probe (Chrono Boost), Gateway  
  16  0:49  Assimilator  
  17  0:50  Probe (Chrono Boost)  
  17  0:55  Probe (Chrono Boost)  
  18  1:04  Probe  
  19  1:16  Probe  
  20  1:33  Nexus  
  20  1:36  Pylon  
  20  1:41  Probe  
  20  1:46  Cybernetics Core  
  20  1:54  Probe  
  20  1:58  Assimilator  
  21  2:06  Probe (Chrono Boost)  
  22  2:18  Probe (Chrono Boost)  
  23  2:29  Stalker (Chrono Boost)  
  23  2:32  Warp Gate  
  25  2:46  Probe (Chrono Boost)  
  25  2:49  Probe (Chrono Boost)  
  29  2:58  Probe (Chrono Boost)  
  29  3:02  Probe (Chrono Boost)  
  29  3:04  Probe (Chrono Boost)  
  29  3:05  Stargate  
  30  3:09  Assimilator  
  31  3:12  Probe (Chrono Boost)  
  31  3:13  Probe (Chrono Boost)  
  31  3:15  Forge  
  31  3:16  Gateway  
  32  3:21  Sentry  
  32  3:24  Probe (Chrono Boost)  
  36  3:27  Probe (Chrono Boost)  
  36  3:29  Probe (Chrono Boost), Pylon  
  37  3:34  Probe  
  37  3:39  Probe  
  39  3:44  Pylon  
  39  3:45  Oracle (Chrono Boost)  
  39  3:52  Gateway  
  43  3:55  Probe  
  43  3:56  Pylon  
  43  3:57  Protoss Ground Weapons Level 1 (Chrono Boost)  
  43  4:04  Probe  
  43  4:07  Probe  
  45  4:16  Probe  
  46  4:19  Probe  
  47  4:27  Robotics Facility  
  47  4:28  Probe  
  48  4:32  Probe, Pylon  
  49  4:41  Probe  
  49  4:44  Probe  
  51  4:46  Nexus  
  51  4:47  Pylon  
  51  4:53  Probe  
  51  4:56  Probe, Photon Cannon  
  53  5:00  Assimilator  
  53  5:01  Phoenix  
  53  5:05  Probe  
  53  5:06  Stalker  
  58  5:44  Probe x2  
  58  5:45  Phoenix  
  58  5:47  Immortal  
  63  5:53  Pylon  
  63  5:56  Probe x2  
  65  5:59  Photon Cannon  
  65  6:05  Twilight Council  
  65  6:08  Probe, Gateway  
  66  6:26  Observer  
  67  6:42  Probe (Chrono Boost)  
  67  6:45  Assimilator  
  70  6:47  Probe x2 (Chrono Boost), Assimilator  
  70  6:49  Stalker x3  
  70  6:50  Photon Cannon  
  70  6:52  Probe (Chrono Boost), Charge, Pylon  
  78  6:55  Probe (Chrono Boost), Immortal (Chrono Boost)  
  78  6:57  Probe x2 (Chrono Boost)  
  78  6:58  Pylon, Fleet Beacon  
  78  6:59  Protoss Ground Weapons Level 2 (Chrono Boost)  
  84  7:12  Robotics Facility  
  84  7:17  Templar Archives  
  84  7:27  Immortal  
  88  7:36  Probe  
  88  7:37  Probe x2  
  90  7:42  Stalker x3  
  90  7:43  Stalker  
  99  7:50  Pylon  
  99  7:52  Carrier (Chrono Boost)  
  99  7:55  Gateway  
  105  8:00  Gateway  
  105  8:02  Probe (Chrono Boost)  
  108  8:07  Probe (Chrono Boost)  
  108  8:08  Probe (Chrono Boost)  
  108  8:12  Probe (Chrono Boost), Protoss Air Weapons Level 1  
  109  8:15  Probe (Chrono Boost)  
  109  8:16  Probe (Chrono Boost)  
  109  8:17  Probe (Chrono Boost)  
  109  8:19  High Templar x2  
  116  8:22  Nexus  
  116  8:25  Pylon  
  116  8:26  Probe x2  
  118  8:28  High Templar  
  118  8:31  Stalker  
  122  8:35  Blink (Chrono Boost)  
  122  8:50  Observer  
  122  8:53  Phoenix (Chrono Boost)  
  125  8:56  Psionic Storm  
  125  8:59  Photon Cannon  
  125  9:01  Photon Cannon  
  125  9:03  Phoenix  
  125  9:04  Assimilator  
  125  9:05  Probe (Chrono Boost)  
  125  9:06  Assimilator  
  125  9:08  Probe (Chrono Boost)  
  128  9:10  Probe (Chrono Boost)  
  128  9:16  Probe (Chrono Boost)  
  132  9:17  Stalker x2  
  132  9:18  Stalker  
  132  9:19  Probe x2 (Chrono Boost)  
  139  9:25  Probe  
  139  9:28  Probe  
  141  9:32  Protoss Ground Weapons Level 3 (Chrono Boost)  
  141  9:39  Phoenix  
  143  9:46  Zealot  
  143  9:47  Zealot  
  143  9:48  Zealot x4  
  155  10:01  Pylon  
  155  10:03  Pylon  
  155  10:08  Pylon  
  155  10:10  Phoenix, Pylon  
  155  10:12  Immortal  
  155  10:13  Pylon  
  155  10:15  Immortal  
  123  10:47  Stalker x4  
  123  10:48  Stalker  
  133  11:04  Nexus  
  133  11:07  Pylon  
  133  11:09  Pylon  
  127  11:23  Warp Prism  
  108  12:02  Stalker  
  108  12:03  Zealot x2, Stalker x3  
  108  12:08  Pylon  
  120  12:11  Gateway x2  
  120  12:14  Carrier (Chrono Boost)  
  120  12:15  Gateway  
  120  12:17  Gateway, Protoss Ground Armor Level 1  
  120  12:20  Gateway, Immortal  
  120  12:21  Immortal  
  134  12:24  Gateway  
  134  12:25  Gateway  
  134  12:28  Stalker  
  134  12:29  Zealot x3, Stalker x2  
  120  12:59  Immortal  
  120  13:01  Immortal  
  127  13:06  Zealot, Stalker  
  127  13:07  Zealot x3  
  127  13:08  Stalker x2  
  127  13:11  Carrier  
  143  13:25  Zealot, Stalker x3  
  143  13:26  Zealot  
  85  14:24  Stalker x4  
  85  14:25  Stalker x4  
  85  14:26  Stalker  
Show
View Real Time Build Order
Export as new Build Order

Javasek Zerg - Winner!

Build Orders: Hatch First, Muta Ling Bane 

Get SALT Encoding   

  12  0:01  Drone  
  13  0:12  Overlord  
  13  0:17  Drone  
  14  0:30  Drone  
  14  0:31  Drone  
  16  0:49  Hatchery  
  15  0:53  Drone  
  16  0:58  Extractor  
  16  0:59  Drone  
  16  1:15  Spawning Pool  
  16  1:17  Drone  
  16  1:21  Drone  
  16  1:24  Drone  
  18  1:29  Drone  
  19  1:45  Overlord  
  19  2:02  Zergling x4  
  19  2:04  Queen  
  19  2:05  Queen  
  25  2:08  Drone  
  25  2:12  Metabolic Boost  
  26  2:16  Drone  
  27  2:26  Drone x3  
  30  2:37  Drone x2  
  32  2:52  Drone x2  
  32  2:57  Pneumatized Carapace  
  34  3:00  Drone x2  
  34  3:05  Overlord  
  36  3:11  Baneling Nest  
  35  3:13  Drone  
  36  3:25  Drone x4  
  40  3:28  Overlord  
  40  3:30  Hatchery  
  39  3:44  Drone x2  
  39  3:45  Drone x3  
  44  3:57  Lair, Overlord  
  44  3:59  Overlord  
  44  4:03  Baneling x2  
  44  4:22  Extractor  
  44  4:24  Extractor  
  42  4:26  Extractor  
  42  4:27  Drone x2  
  42  4:28  Drone  
  42  4:30  Drone x3  
  47  4:37  Baneling x2  
  46  4:46  Drone x3  
  49  4:52  Queen  
  49  4:57  Zergling x4  
  49  4:58  Zergling x2  
  54  5:01  Centrifical Hooks  
  54  5:08  Overlord  
  54  5:09  Overlord x2  
  54  5:10  Evolution Chamber x2  
  51  5:15  Drone  
  51  5:16  Drone x2  
  54  5:26  Drone x6  
  60  5:30  Baneling x2  
  60  5:35  Drone x2  
  62  5:49  Spine Crawler  
  53  5:51  Spine Crawler  
  53  5:56  Drone  
  53  5:57  Drone x4  
  55  5:58  Drone  
  55  6:02  Spire  
  55  6:03  Zerg Melee Weapons Level 1  
  55  6:04  Zerg Ground Armor Level 1  
  57  6:07  Spine Crawler  
  56  6:15  Extractor  
  56  6:16  Drone x2  
  56  6:17  Drone x3, Extractor  
  56  6:18  Drone  
  60  6:26  Drone x5  
  60  6:31  Zergling x4  
  67  6:38  Hatchery  
  66  6:44  Drone x3  
  69  6:48  Overlord x2  
  69  6:51  Baneling x5  
  69  7:08  Overlord x2  
  69  7:09  Overlord  
  69  7:13  Mutalisk x5  
  69  7:14  Mutalisk x4  
  69  7:15  Mutalisk  
  89  7:26  Baneling  
  89  7:31  Drone x2  
  89  7:32  Drone x4  
  95  7:44  Zergling x4  
  95  7:45  Zergling x12  
  103  7:53  Infestation Pit  
  98  8:13  Mutalisk x3, Zerg Flyer Armor Level 1  
  98  8:14  Hatchery, Mutalisk x3  
  98  8:15  Corruptor  
  109  8:28  Zerg Melee Weapons Level 2  
  109  8:35  Zergling x12  
  109  8:36  Zergling x14  
  109  8:37  Zergling x10  
  127  8:47  Corruptor x3  
  133  9:16  Corruptor  
  135  9:24  Drone  
  135  9:26  Overlord x3  
  135  9:27  Overlord x2  
  135  9:29  Zerg Ground Armor Level 2, Hive  
  136  9:35  Drone  
  136  9:36  Drone x5  
  136  9:37  Overlord x3  
  136  9:38  Overlord x2  
  142  9:49  Mutalisk x4  
  142  9:50  Mutalisk x2  
  154  10:00  Baneling x5  
  154  10:01  Baneling x2  
  154  10:02  Baneling  
  154  10:14  Extractor  
  153  10:16  Extractor  
  120  10:33  Overlord, Corruptor x5  
  109  10:38  Corruptor  
  109  10:46  Zergling x8  
  109  10:47  Zergling x14  
  109  10:48  Zergling x14  
  127  10:50  Adrenal Glands  
  127  10:54  Overseer  
  127  11:18  Zergling x10  
  130  11:19  Zergling x10  
  137  11:32  Corruptor x2  
  137  11:33  Corruptor x6  
  137  11:34  Corruptor  
  137  11:38  Zerg Flyer Weapons Level 1  
  151  11:48  Zergling x4  
  151  11:49  Zergling x12  
  155  12:26  Corruptor  
  155  12:27  Corruptor x6  
  167  12:34  Spire  
  163  12:57  Zergling x4  
  163  12:58  Zergling x6  
  164  13:07  Zergling x12  
  164  13:08  Zergling x12  
  172  13:20  Zergling x2  
  172  13:21  Zergling x14  
  172  13:22  Zergling x12  
  172  13:23  Zergling x2  
  185  13:39  Drone x2  
  185  13:40  Drone  
Tags
 
Add a new tag
Caveats
  • Supply blocks, unpowered buildings, or Contaminate may cause inaccurate times.
  • Supply counts are checked every 10 seconds.